[Event "FIDE WSCC 65 2022"]
[Site "Assisi"]
[Date "2022.11.22"]
[Round "7.11"]
[White "Gaprindashvili, Nona"]
[Black "Molchanov, Mykola"]
[Result "1-0"]
[ECO "A40"]
[WhiteElo "2268"]
[BlackElo "2113"]
[Annotator "TA"]
[PlyCount "145"]
[EventDate "2022.11.14"]
[EventType "swiss"]
[EventCountry "ITA"]
[SourceTitle "playchess.com"]
[Source "ChessBase"]
[SourceQuality "1"]
[TimeControl "40/5400+30:1800+30"]

1. d4 e6 2. c4 b6 3. Nc3 Bb7 4. a3 f5 5. Nf3 Nf6 6. d5 Bd6 7. dxe6 {[%emt 0:05:15] A40: Unusual replies to 1 d4.} (7. g3 $11 {deserves consideration.}) 7... dxe6 $15 8. Nb5 O-O 9. Nxd6 {[%emt 0:00:51] Black has an edge.} cxd6 10. e3 Qe7 11. Be2 Nbd7 12. O-O {[%emt 0:02:01] [#]} Rac8 $146 ({Predecessor:} 12... Ne4 13. Nd4 Ne5 14. f3 Nf6 15. b3 a6 16. a4 Rad8 17. a5 bxa5 18. Rxa5 Rfe8 {0-1 (50) Shuvalova,P (2441)-Khlichkova,T (2270) St Petersburg 2018}) 13. b3 (13. Nd4 $1 $11) 13... Rfd8 (13... Ne4 $15) 14. Bb2 $11 Nc5 15. Nd4 d5 16. b4 Nce4 17. cxd5 Nxd5 18. Bd3 Ndc3 19. Bxc3 Nxc3 20. Qb3 Bd5 21. Qb2 g6 22. Ba6 Rc7 (22... Qg5 $2 23. f4 Na4 24. Qd2 $18 (24. fxg5 Nxb2 25. Bxc8 Rxc8 $18)) 23. Rac1 Ne4 (23... Qg5 $2 24. f4 Qg4 25. g3 $18) 24. Rxc7 Qxc7 25. Rc1 Qd7 26. Qc2 e5 ({Better is} 26... Nd6 $11) 27. Nf3 $14 Be6 (27... Qd6 $14) 28. Nxe5 $16 Qd2 (28... Qd6 $16 {was worth a try.}) 29. Qxd2 $18 Rxd2 30. f3 Nd6 31. Rc7 Rd5 32. Nc6 (32. Nd3 $18) 32... Rd1+ $16 33. Kf2 {[%emt 0:00:27] White is more active.} f4 (33... Rd2+ $16 34. Kg3 Ra2) 34. Nd4 $18 (34. Nxa7 $6 Rd2+ 35. Ke1 fxe3 $16) 34... Bf7 35. Rc6 ({Weaker is} 35. Rxa7 Bc4 36. Bxc4+ Nxc4 $11) 35... Ne8 36. Be2 fxe3+ 37. Kxe3 Ra1 38. Rc3 Nf6 39. Rc8+ Kg7 40. Nc2 $1 Nd5+ 41. Kd2 Rh1 42. h3 Rg1 (42... a5 $16) 43. Ne3 (43. Ne1 $1 $18) 43... Nxe3 44. Kxe3 Rxg2 $16 {[%emt 0:00:12][%mdl 4096] Endgame KRB-KRB} (44... Ra1 $16) 45. Rc7 $18 Kf6 46. Rxa7 Rh2 (46... Bd5 $142 47. Rxh7 Rg1) 47. Rb7 Rxh3 48. Rxb6+ Ke5 49. Bf1 Rh1 50. Kf2 (50. f4+ $18 Kf5 51. Bd3+ Kg4 52. a4) 50... Bd5 $16 51. a4 Bxf3 52. a5 {[%emt 0:00:00] aiming for a6.} ({Reject} 52. Kxf3 $6 Rxf1+ 53. Kg3 Rg1+ 54. Kf3 Rf1+ 55. Kg4 Rg1+ 56. Kf3 Rf1+ $11) 52... Bd5 (52... g5 $16 {was necessary.}) 53. Rb5 $1 $18 Rh2+ 54. Kg3 (54. Ke3 $18 {Hoping for Bc4.} Kd6 55. Bd3) 54... Rc2 $14 {[%emt 0:00:00] Against Bc4} 55. a6 Rc3+ (55... Kd6 $1 $14) 56. Kf2 $1 $16 {[%emt 0:00:00] And now a7 would win.} Rc2+ (56... Kd6 $16) 57. Ke3 $18 {[%emt 0:00:00] Black must now prevent a7.} Rc3+ 58. Bd3 (58. Kd2 $18 {is the precise move to win.} Ra3 59. Bc4) 58... Ra3 $16 {[%emt 0:00:00] [#]} 59. Rc5 $1 h5 60. Rc8 Be6 61. Re8 {[%emt 0:00:00] b5 is the strong threat.} Kd6 {[%emt 0:00:00] [#]} 62. Kd4 $1 {[%emt 0:00:00] Strongly threatening b5.} Bd7 $2 (62... h4 $16) 63. Rg8 $18 Kc7 (63... Bf5 $142) 64. Rg7 h4 65. Bb5 Kb6 66. Bxd7 Kxa6 67. Rxg6+ {[%emt 0:00:18] KRB-KR. White mates.} Ka7 68. Rh6 Ra2 69. Kc5 Rc2+ 70. Kb5 Rd2 71. Bc6 Rd8 72. Rh7+ Kb8 73. Kb6 {[%emt 0:00:29] Weighted Error Value: White=0.22 (precise) /Black=0.27 (precise)} 1-0

[Event "FIDE WSCC 65 2022"]
[Site "Assisi"]
[Date "2022.11.22"]
[Round "7.12"]
[White "Cocozza, Mario"]
[Black "Madebrink, Lars"]
[Result "0-1"]
[ECO "B84"]
[WhiteElo "2298"]
[BlackElo "2084"]
[Annotator "TA"]
[PlyCount "70"]
[EventDate "2022.11.14"]
[EventType "swiss"]
[EventCountry "ITA"]
[SourceTitle "playchess.com"]
[Source "ChessBase"]
[SourceQuality "1"]
[TimeControl "40/5400+30:1800+30"]

1. e4 c5 2. Nf3 d6 3. d4 cxd4 4. Nxd4 Nf6 5. Nc3 a6 6. Be2 e6 7. O-O {[%emt 0:00:25] 7.Be3 is the fancy move.} Qc7 8. f4 b5 9. e5 {[%emt 0:33:01] B84: Sicilian Scheveningen: 6 Be2 a6, lines without early Be3.} dxe5 10. fxe5 Nfd7 11. Kh1 {[%emt 0:01:49] White is slightly better.} Bb7 12. Bf3 {[%emt 0:06:18] [#] Bg5 is the strong threat.} (12. Bg4 {is more complex.} Bc5 13. Nxe6 fxe6 14. Bxe6 Rf8 15. Nd5) 12... Nc6 $1 13. Bf4 (13. Bxc6 $1 $14 Bxc6 14. Qh5) 13... Nxd4 $11 ({But not} 13... Ncxe5 14. Qe2 Bxf3 15. Nxf3 $16) 14. Bxb7 (14. Qxd4 $5 Be7 15. Bxb7 Qxb7 16. Ne4 $11) 14... Qxb7 15. Qxd4 {[%emt 0:00:04] [#]} Bc5 $146 {[%emt 0:08:00] Against a4} ({Predecessor:} 15... Be7 16. Ne4 O-O 17. Bg5 Bxg5 18. Nxg5 h6 19. Ne4 Qd5 20. Qxd5 exd5 21. Nc3 d4 {0-1 (38) Sidhant,M (2267)-David,A (2569) Chennai 2017}) 16. Qd3 O-O 17. Ne4 (17. Rad1 $5 Nb6 18. Ne4 $14) 17... Be7 $1 18. Rae1 (18. Qf3 {simplifies} Nc5 19. Nxc5 Qxf3 20. Rxf3 Bxc5 21. Rd3) 18... Nc5 19. Nxc5 Bxc5 20. Qg3 {[%emt 0:01:04] aiming for Bh6.} Rfd8 21. h4 Bf8 22. Bg5 Rd4 23. h5 Rc8 24. h6 {[%emt 0:06:56] Hoping for c3.} g6 ({Reject} 24... Rxc2 $6 25. hxg7 Bc5 26. Rf3 $15) 25. c3 Re4 {[%emt 0:01:44] [#]} (25... Rd5 $15 {stays ahead.}) 26. Rd1 $2 (26. Qf3 $1 $16 Rxe1 27. Qxb7 Rxf1+ 28. Kh2) 26... Qc7 (26... Re2 $11) 27. Bf6 (27. Qf3 $14 Rc4 28. Rd3) 27... Bxh6 (27... Re2 $5 28. Rf2 Rxf2 29. Qxf2 Bxh6 $15) 28. Rd6 (28. Rd3 $11) 28... Bf8 ({Black should play} 28... b4 $15) 29. Qd3 (29. Rfd1 $11) 29... Rg4 (29... Rc4 $5 30. Rd7 Qc6 $15) 30. Qf3 h5 (30... Bxd6 $2 31. exd6 Qxd6 32. Qxg4 $18) (30... Rc4 $5 31. Rxa6 Ra4 32. Rxa4 bxa4 $11) 31. Rxa6 Qc4 32. Rd1 b4 33. Qd3 $2 (33. Ra8 $1 $11 {and White has nothing to worry.}) 33... bxc3 {[%emt 0:01:48] ( -> ...Qxd3)} 34. bxc3 Qf4 {[%emt 0:01:52] Threatens to win with ...g5.} (34... Qxc3 $2 35. Qxc3 Rxc3 36. Ra8 $18) 35. Ra7 $2 (35. Qf3) 35... Qf2 {[%emt 0:01:13] Weighted Error Value: White=0.52/Black=0.26 (precise)} 0-1

[Event "FIDE WSCC 65 2022"]
[Site "Assisi"]
[Date "2022.11.22"]
[Round "7.13"]
[White "Sideifzade, Fikret"]
[Black "Strutinskaia, Galina"]
[Result "1/2-1/2"]
[ECO "D44"]
[WhiteElo "2391"]
[BlackElo "2137"]
[Annotator "TA"]
[PlyCount "90"]
[EventDate "2022.11.14"]
[EventType "swiss"]
[EventCountry "ITA"]
[SourceTitle "playchess.com"]
[Source "ChessBase"]
[SourceQuality "1"]
[TimeControl "40/5400+30:1800+30"]

1. d4 Nf6 2. Nf3 e6 3. c4 d5 4. Nc3 c6 5. Bg5 dxc4 6. e4 b5 7. e5 h6 8. Bh4 g5 9. Nxg5 hxg5 10. Bxg5 Nbd7 11. g3 Bb7 12. Bg2 Qa5 13. exf6 O-O-O 14. O-O {[%emt 0:11:52] D44: Semi-Slav: Botvinnik System.} Nc5 {[%emt 0:06:14] [#]} 15. Qc2 $146 ({Predecessor:} 15. Be3 Nd3 16. Qe2 c5 17. Bxb7+ Kxb7 18. dxc5 Bxc5 19. Bxc5 Nxc5 20. a4 b4 21. Nb5 Nd3 {1-0 (41) Sobek,J (2221)-Vesely,L (2217) Czech Republic 2016}) 15... Rxd4 16. Be3 Rd7 17. Ne4 Nxe4 18. Bxe4 Bd6 19. Kg2 (19. a4 $16) 19... Be5 $14 20. a4 a6 21. axb5 Qxb5 22. Ra4 ({White should try} 22. Rfd1 $16) 22... Qxb2 $2 (22... c3 $1 $11 {and Black has nothing to worry.}) 23. Qxc4 $18 {[%emt 0:01:20] [#] And now Rb1 would win.} Qb5 24. Rb1 {[%emt 0:08:26] The board is on fire.} Bxf6 $2 (24... Qxc4 25. Rxc4 Rd6) 25. Rxb5 (25. Qc2 $142) 25... axb5 26. Qc5 bxa4 27. Bxc6 Bxc6+ (27... Rhd8 {is a better defense.} 28. Bxb7+ Kxb7 29. Qa7+ Kc8 30. Qa8+ Kc7 31. Qxa4 Rd6 32. Qa7+ Kc8 33. Qxf7 e5) 28. Qxc6+ Kd8 29. Qa8+ Kc7 30. Qxa4 Kd8 (30... Rh5 $142 31. Bb6+ Kd6 32. Qa3+ Kc6) 31. Bg5 (31. Qa8+ $142 Kc7 32. Qa5+ Kc8 33. Bf4) 31... Rxh2+ (31... Bxg5 $142 32. Qa8+ Ke7 33. Qxh8 Bf6) 32. Kxh2 Bxg5 {[%emt 0:00:05][%mdl 4096] Endgame KQ-KRB} 33. f4 $2 (33. Qa5+ $18 {is the precise move to win.} Ke8 34. Qxg5) 33... Bf6 $16 34. Qb4 Ke8 {[%emt 0:00:23] Against Qf8+} 35. g4 Rd4 36. Qb8+ Rd8 37. Qb5+ Kf8 38. Kg3 Rd5 39. Qb4+ Kg7 40. Kf3 Rd3+ 41. Ke2 Rd5 42. Ke3 Kg8 43. Qb7 {[%emt 0:00:52] White is better.} Bd4+ 44. Ke4 {[%emt 0:00:08][%cal Ob7d5] [#] Intending Qxd5! and mate.} Bf6 45. Qc6 Kg7 {[%emt 0:02:30] Weighted Error Value: White=0.64/Black=0.30} 1/2-1/2

[Event "FIDE WSCC 65 2022"]
[Site "Assisi"]
[Date "2022.11.22"]
[Round "7.14"]
[White "Frick, Christoph"]
[Black "Roos, Louis"]
[Result "0-1"]
[ECO "A45"]
[WhiteElo "2118"]
[BlackElo "2293"]
[Annotator "TA"]
[PlyCount "162"]
[EventDate "2022.11.14"]
[EventType "swiss"]
[EventCountry "ITA"]
[SourceTitle "playchess.com"]
[Source "ChessBase"]
[SourceQuality "1"]
[TimeControl "40/5400+30:1800+30"]

1. d4 Nf6 2. Bg5 Ne4 3. Bf4 d6 4. f3 Nf6 5. e4 Nbd7 6. Nc3 {[%emt 0:04:18] A45: Trompowsky Attack.} e5 7. Bg3 c6 {[%emt 0:02:33] [#]} 8. dxe5 $146 (8. a3 $11) ({Predecessor:} 8. Qd2 Be7 9. O-O-O O-O 10. Nh3 a5 11. f4 Nh5 12. Be2 exf4 13. Nxf4 Nxg3 14. hxg3 {1-0 (31) Svoboda,M (2250)-Bargel,M (2155) Czech Republic 1999}) 8... dxe5 $15 9. Bc4 Bc5 10. Nh3 O-O 11. Qe2 b5 12. Bd3 Re8 13. Bf2 a6 (13... Bd4 $15 14. a4 Nc5 15. axb5 Bxh3 16. gxh3 Bxf2+ 17. Qxf2 (17. Kxf2 $2 Nh5 $19) 17... Nxd3+ 18. cxd3 cxb5) 14. Nd1 Bf8 15. Be3 Nc5 16. Nhf2 Be6 17. O-O Qc7 18. Kh1 Rad8 19. g4 ({White should play} 19. Bd2 $15) 19... Bc8 $17 20. h4 Ne6 21. Nh3 c5 22. c3 Nf4 23. Nxf4 exf4 24. Bg1 (24. Bc1 $17) 24... Nd7 25. Bc2 Bd6 (25... h5 $1 $19 26. g5 Ne5) 26. Nf2 Nf8 ({Better is} 26... Nb6 27. a4 Nc4) 27. Rad1 Be6 28. Bb3 c4 29. Bc2 Be5 30. Nh3 h5 31. Ng5 (31. Bd4 $17) 31... Bc8 $19 32. Bd4 Qe7 33. Rg1 (33. gxh5 Bxd4 34. cxd4 (34. Rxd4 $2 f6 $19) 34... f6) 33... hxg4 34. fxg4 Ng6 35. Qf2 Bb7 36. Rde1 Bf6 37. Bc5 (37. Bxf6 $17 Qxf6 38. Nf3) 37... Qd7 (37... Qe5 $1 $19 38. Nf3 Bxh4 $1 39. Nxh4 Nxh4) 38. Nf3 $17 Ne5 39. g5 (39. Nxe5 $17 {is tougher.} Bxe5 40. Bb6) 39... Qh3+ $19 40. Nh2 Be7 41. Bxe7 (41. Bd4 $142 Nd3 42. Bxd3 cxd3 43. Qf1 Qxh4 44. Rg4) 41... Rxe7 42. Qxf4 Ng6 $2 (42... Nd3 $19 {( -> ...Rxe4)} 43. Rg3 Nxf4 44. Rxh3 Nxh3) 43. Qg4 Qxh4 {[%emt 0:01:04] Black has more active pieces.} 44. Re2 {[%emt 0:01:40] Against Rd2} Qxg4 45. Rxg4 Ne5 {[%emt 0:00:24] Inhibits Nf3.} 46. Rh4 Ng6 47. Rg4 Bc8 $1 48. Rg3 Nf4 $1 $36 {[%emt 0:00:56][%mdl 2048] Black has strong initiative.} 49. Rf2 Nd3 50. Re2 (50. Bxd3 $17 cxd3 51. Rd2) 50... Bb7 51. Kg1 Rxe4 52. Rxe4 (52. Rd2 {is a better defense.}) 52... Bxe4 53. Re3 Bg6 54. b4 {[%emt 0:00:35] [#]} (54. b3 $142) 54... cxb3 $2 (54... Nxb4 $1 $19 {[%mdl 512] and Black stays clearly on top.} 55. Bxg6 Nd5 56. Bxf7+ Kxf7 57. Rf3+ Kg6) 55. axb3 $17 Nf4 56. Bxg6 Nxg6 {[%emt 0:00:06][%mdl 4096] Endgame KRN-KRN} 57. Nf3 a5 58. Nd4 Rd5 59. Nf3 Rc5 ({Black should try} 59... Kf8 60. Kf2 Rf5) 60. Kf2 a4 (60... Kf8 $17 {Hoping for ...a4.} 61. Ke2 a4 62. bxa4 bxa4) 61. bxa4 (61. b4 $1 $11 Rd5 62. Re8+ Kh7 63. Ke3) 61... bxa4 62. Re8+ Kh7 63. Ra8 Ne5 $1 {[%emt 0:01:28] And now ...Nxf3 would win.} ({Not} 63... Rxc3 64. Rxa4 Rc7 65. Ke3 $15) 64. Nxe5 Rxe5 65. Rxa4 Rxg5 {[%emt 0:00:09] KR-KR} (65... Kg6 $142 66. Ra7 Rxg5) 66. c4 Rg4 (66... Re5 $1 $17) 67. Ra7 (67. Ke3 $1 $15) 67... f5 68. Rc7 $2 (68. c5 $17) 68... Re4 $2 (68... Kh6 $1 $19 {is more deadly.} 69. c5 g5 70. Rc6+ Kh5) 69. Kf3 $2 (69. Rc6 $17 {only move.}) 69... Kg6 (69... Kh6 $142 $1 70. Rc5 Kg6) 70. c5 $19 Kf6 {[%emt 0:00:25] ...g5 is the strong threat.} 71. Rc8 $2 (71. Rc6+ $17 Kf7 72. Rd6) 71... g5 $1 {[%emt 0:01:01][%cal Bg7g5,Bg5g4][%mdl 32] Strongly threatening ...g4+.} ({Inferior is} 71... Rc4 72. Ke3 $15) 72. c6 {[%emt 0:00:23] [#]} g4+ $1 ({And not} 72... Rc4 73. Ke3 $15) 73. Kf2 {[%emt 0:00:21] [#]} Rc4 $2 (73... Ke5 $1 $19 {[%cal Re5f4] Threatens to win with ...Kf4.} 74. c7 Kd6) 74. c7 $11 {[%emt 0:01:35] Intending Rf8+ and mate.} Kg7 {[%emt 0:00:08] Against Rf8} (74... Ke6 $5 75. Ke3 $8 Ke7 $11) 75. Kg2 $2 (75. Kg3 $11) 75... Rc3 (75... f4 $142 76. Ra8 Rc2+ 77. Kf1 Rxc7 78. Ra6 Rc1+ 79. Kf2 Rc2+ 80. Kg1 f3 81. Ra4 Rg2+ 82. Kh1 Rg3 83. Kh2 Rh3+ 84. Kg1 Rh4 85. Ra3 Kf6 86. Kf2 Rh2+ 87. Kg3 Rg2+ 88. Kh4 f2 89. Ra8 Ke7 90. Ra7+ Ke6 91. Ra6+ Ke5 92. Ra5+ Kd4 93. Rf5 Ke3 94. Rf7 Ke2 95. Kh5 f1=Q 96. Kg6 Qb1+ 97. Kg5 g3 98. Re7+ Kf1 99. Re3 Qc1 100. Kf4 Re2 101. Ke5 Rxe3+ 102. Kd5 g2 103. Kd4 g1=Q 104. Kd5 Qh1+ 105. Kd6 Qhc6#) 76. Kf2 f4 {[%emt 0:00:27] Black mates.} 77. Kf1 Rc2 78. Kg1 g3 (78... Kf7 $2 79. Rh8 $18) 79. Ra8 Rxc7 80. Kg2 Rc2+ 81. Kh3 Rh2+ {[%emt 0:00:26] Weighted Error Value: White=0.43/Black=0.32} 0-1

[Event "FIDE WSCC 65 2022"]
[Site "Assisi"]
[Date "2022.11.22"]
[Round "7.15"]
[White "Lanc, Alois"]
[Black "Taylor, Timothy"]
[Result "1-0"]
[ECO "C10"]
[WhiteElo "2268"]
[BlackElo "2118"]
[Annotator "TA"]
[PlyCount "55"]
[EventDate "2022.11.14"]
[EventType "swiss"]
[EventCountry "ITA"]
[SourceTitle "playchess.com"]
[Source "ChessBase"]
[SourceQuality "1"]
[TimeControl "40/5400+30:1800+30"]

1. e4 e6 2. d4 d5 3. Nc3 dxe4 4. Nxe4 Nd7 5. Nf3 Ngf6 6. Bd3 c5 7. Nxf6+ Nxf6 8. dxc5 Bxc5 9. O-O O-O 10. Qe2 b6 11. Bg5 Bb7 12. Rad1 {[%emt 0:01:35][%cal Od3h7] C10: French with 3 Nc3: Unusual Black 3rd moves and 3...dxe4.} Qc7 13. Ne5 Rad8 14. Bxf6 {[%emt 0:04:55] The position is equal.} (14. Rfe1 $5 Be7 15. Qe3 $11) 14... gxf6 15. Qh5 f5 {[%emt 0:01:28] [#]} 16. Bxf5 $146 {[%emt 0:01:56] The board is on fire.} ({Predecessor:} 16. Qg5+ Kh8 17. Qf6+ Kg8 18. Qg5+ Kh8 19. Qf6+ Kg8 {½-½ (19) Feher,G (2345)-Farkas,R (2343) Hungary 2018}) 16... exf5 (16... Qxe5 $2 17. Qxh7#) 17. Qg5+ Kh8 {[%emt 0:00:03] aiming for ...f6.} 18. Qf6+ $40 {[%emt 0:10:53][%mdl 128] Black needs to defend precisely.} Kg8 19. Qg5+ Kh8 {[%emt 0:00:05] [#] Hoping for ...f6.} 20. Nxf7+ Qxf7 21. Rxd8 Be7 {[%emt 0:12:30] This pair of bishops is nice.} (21... Qxa2 $2 22. Rd7 Qg8 23. Qxg8+ Kxg8 24. Rxb7 $18) 22. Rxf8+ Qxf8 23. Qf4 {[%emt 0:00:25] Threatens to win with Qc7.} Be4 24. f3 Bxc2 {[%emt 0:09:59][%mdl 8192] [#] This move loses the game for Black.} ({Don't do} 24... Bc5+ 25. Kh1 Bc6 26. Qe5+ Qg7 27. Qxf5 $16) (24... Bd6 $1 $11 {and Black is okay.} 25. Qd2 Bc5+ 26. Kh1 Bc6) 25. Qc4 $1 $18 {[%emt 0:01:42] White is clearly winning.} Bd6 (25... Bc5+ $2 26. Kh1 $18) 26. Qxc2 Qh6 27. f4 Bxf4 (27... Qe6 $142 28. Qc3+ Kg8) 28. Qc3+ {[%emt 0:00:10] Weighted Error Value: White=0.09 (flawless) /Black=0.62} ({Worse is} 28. Qxf5 Qxh2+ 29. Kf2 Qg3+ 30. Kg1 Qh2+ 31. Kf2 Qg3+ 32. Kg1 Qh2+ $11) 1-0